 Dungeon Crawl Stone Soup version 0.30-a0-58-gc0703345a7 (webtiles) character file.

Game seed: 10533847849361789453

1 MisterAzrael the Firebug (level 1, 9/10 HPs)
             Began as a Tengu Fire Elementalist on Sept 12, 2022.
             Quit the game on level 1 of the Dungeon.
             The game lasted 00:00:15 (48 turns).

MisterAzrael the Firebug (Tengu Fire Elementalist)    Turns: 48, Time: 00:00:15

Health: 9/10       AC:  2    Str:  8    XL:     1   Next: 20%
Magic:  2/4        EV: 12    Int: 15    God:
Gold:   10         SH:  0    Dex: 14    Spells: 3/4 levels left

rFire   . . .      SeeInvis .    (no weapon)
rCold   . . .      Faith    .    (no shield)
rNeg    . . .      Spirit   .    a - +0 robe
rPois   .          Reflect  .    (helmet restricted)
rElec   .          Harm     .    (no cloak)
rCorr   .          Rampage  .    (no gloves)
Will    .....                    (boots unavailable)
Stlth   ++........               (no amulet)
HPRegen 0.03/turn                (no ring)
MPRegen 0.09/turn                (no ring)

@: very slightly contaminated
A: beak, talons 3
a: no special abilities


You were on level 1 of the Dungeon.
You visited 1 branch of the dungeon, and saw 1 of its levels.

You collected 10 gold pieces.

Inventory:

Armour
 a - a +0 robe (worn)
Scrolls
 c - 2 scrolls of identify {unknown}
Potions
 b - a potion of magic


   Skills:
 - Level 2.2 Dodging
 - Level 2.0 Stealth
 + Level 2.0 Spellcasting
 + Level 1.4 Conjurations
 + Level 3.3 Fire Magic


You had 3 spell levels left.
You knew the following spells:

 Your Spells              Type           Power      Damage    Failure   Level
a - Foxfire               Conj/Fire      32%        2x1d5     9%          1

Your spell library contained the following spells:

 Spells                   Type           Power      Damage    Failure   Level
 Scorch                   Fire           22%        2d6       9%          2
 Conjure Flame            Conj/Fire      8%         6-21      26%         3
 Inner Flame              Hex/Fire       6%         N/A       34%         3
 Flame Wave               Conj/Fire      8%         2d5       63%         4


Dungeon Overview and Level Annotations

Branches:
Dungeon (1/15)

Altars:


Innate Abilities, Weirdness & Mutations

You have a beak for a mouth.
You have claws for feet.


Message History

Welcome, MisterAzrael the Tengu Fire Elementalist.
It is said that the Orb of Zot exists deep within this dungeon.
Press ? for a list of commands and other information.
Found a scroll labelled XUGHEIC VICW.
Found a staircase leading out of the dungeon.
c - a scroll labelled XUGHEIC VICW You open the door.
There is an open door here.
c - 2 scrolls labelled XUGHEIC VICW (gained 1)
You now have 10 gold pieces.
A giant cockroach comes into view.
A giant cockroach is nearby!
A giant cockroach is nearby!
You conjure some foxfire!
There is not enough space to conjure foxfire!
The foxfire hits the giant cockroach.
The giant cockroach is moderately wounded.
The foxfire hits the giant cockroach.
You kill the giant cockroach!
A bat comes into view.
Found 16 gold pieces.
You see here a giant cockroach corpse.
You conjure some foxfire!
The bat hits you but does no damage.
You miscast Foxfire.
You are very lightly contaminated with residual magic.
Nothing appears to happen.
The foxfire hits the bat but does no damage.
The foxfire hits the bat.
The bat is severely wounded.
The bat hits you but does no damage. The bat hits you.
Unknown command.
Are you sure you want to abandon this character and quit the game? (Confirm with "yes".)

#.....# #.....#
#######.....#
#...........
#.........#####
#.........#...#
#.....b...#.#.#
#.....@†....#.#
#.........###.#
#.........# #.#
#........$# #.#
#############.#
#########........#
..........########
######.#####
#.........#


You could see a bat.

Vanquished Creatures
  A giant cockroach (D:1)
1 creature vanquished.

Vanquished Creatures (others)
  3 foxfires (D:1)
3 creatures vanquished.

Grand Total: 4 creatures vanquished

Notes
Turn   | Place    | Note
-------+----------+-------------------------------------------
     0 | D:1      | MisterAzrael the Tengu Fire Elementalist began the quest
                  | for the Orb.
     0 | D:1      | Reached XP level 1. HP: 10/10 MP: 4/4
    48 | D:1      | Quit the game

Illustrated notes

Levels and vault maps discovered:
D:1:      lemuel_arrival_behind_the_door_small, layout_basic

Action                   || total
-------------------------++-------
 Cast: Foxfire           ||     2
Armor: Robe              ||     2

Table legend: (Time is in decaauts)
 A = Elapsed time spent in this place.
 B = Non-inter-level travel time spent in this place.
 C = Inter-level travel time spent in this place.
 D = Time resting spent in this place.
 E = Time spent auto-exploring this place.
 F = Levels seen in this place.
 G = Mean time per level.
                   A        B        C        D        E       F      G
               +--------+--------+--------+--------+--------+-----+--------+
         Total |     48 |     48 |      0 |      0 |     34 |   1 |   48.0 |
       Dungeon |     48 |     48 |      0 |      0 |     34 |   1 |   48.0 |
               +--------+--------+--------+--------+--------+-----+--------+

Top non-repeatable levels by time:
     D:1: 48 daAuts
